 Dungeon Crawl Stone Soup version 0.19.1-1-g22dce08 (webtiles) character file.

2454 volk64 the Cleaver (level 9, -2/69 HPs)
             Began as a Demonspawn Chaos Knight on Jan 20, 2017.
             Slain by a killer bee (3 damage)
             ... on level 9 of the Dungeon.
             The game lasted 00:30:03 (6159 turns).

volk64 the Cleaver (Demonspawn Chaos Knight)        Turns: 6159, Time: 00:30:04

Health: -2/69      AC: 16    Str: 12    XL:     9   Next: 25%
Magic:  0/18       EV:  6    Int: 15    God:    Xom [....*.]
Gold:   342        SH:  0    Dex: 13    Spells: 0 memorised, 8 levels left

rFire  . . .     SeeInvis .     a - +0 hand axe (chaos)
rCold  + . .     Gourm    .     v - +2 chain mail {rC+}
rNeg   . . .     Faith    .     (no shield)
rPois  +         Spirit   +     (helmet restricted)
rElec  .         Reflect  .     (no cloak)
rCorr  .         Harm     .     r - +0 pair of gloves
MR     .....     Clarity  +     (no boots)
Stlth  ..........               (no amulet)
                                t - ring of poison resistance
                                g - ring of magical power

@: lethally poisoned (-2 -> -7), studying Slings, drained
A: antennae 2, yellow scales 1, blink, clarity, regeneration 1, shaggy fur 1,
weak 1, wild magic 1, magic shield, magic regeneration
a: Blink, Renounce Religion


You were on level 9 of the Dungeon.
You worshipped Xom.
You were a beloved toy of Xom.
You were hungry.

You visited 1 branch of the dungeon, and saw 7 of its levels.
You also visited: Ossuary.

You collected 342 gold pieces.

Inventory:

Hand Weapons
 a - a +0 hand axe of chaos (weapon)
 m - a +0 war axe
 p - a cursed -2 short sword
 z - a -1 glaive
 B - a +3 mace of holy wrath
 H - a -3 broad axe
 J - a +1 vampiric war axe
Armour
 b - a +2 leather armour
 e - a +0 helmet
 r - a +0 pair of gloves (worn)
 u - a +3 scale mail
 v - a +2 chain mail of cold resistance (worn)
Jewellery
 g - a ring of magical power (left hand)
 o - a +4 ring of strength {unknown}
 t - a ring of poison resistance (right hand)
 y - a cursed ring of teleportation {unknown}
Wands
 l - a wand of hasting (4/9)
 G - a wand of heal wounds (6/9)
Scrolls
 d - 2 scrolls of remove curse
 j - a scroll of random uselessness
 n - 7 scrolls of teleportation
 x - a scroll of recharging
 I - 2 scrolls of identify
Potions
 f - a potion of haste
 q - a potion of flight
 s - 2 potions of resistance
 w - 6 potions of lignification {unknown}
 D - a potion of cure mutation {unknown}
 E - a potion of mutation {unknown}
Books
 k - a manual of Slings
Comestibles
 c - 3 bread rations
 i - a slice of pizza
 C - a beef jerky
 F - 7 chunks of flesh


   Skills:
 + Level 5.8(5.6) Fighting
 + Level 8.5(8.4) Axes
 + Level 5.5(5.4) Armour
 + Level 3.0(2.9) Dodging
 + Level 2.9(2.8) Stealth


You had 8 spell levels left.
You didn't know any spells.

Dungeon Overview and Level Annotations

Branches:
Dungeon (9/15)               Lair (0/6) D:9
 Temple: D:4-7          Orc: D:9-12

Altars:
Fedhas
Trog

Shops:
D:5 !   D:8 !


Innate Abilities, Weirdness & Mutations

You have a pair of antennae on your head.
You are partially covered in yellow scales. (AC +2)
When hurt, damage is shared between your health and your magic reserves.
You regenerate magic rapidly.
You can translocate small distances at will.
You possess an exceptional clarity of mind.
Your natural rate of healing is unusually fast.
You are covered in fur. (AC +1)
You are weak. (Str -2)
Your spells are a little harder to cast, but a little more powerful.


Message History

You hit the killer bee but do no damage.
You barely miss something.
You feel sick.
The killer bee stings you but does no damage. x2
Something stings you but does no damage.
The killer bee stings you.
* * * LOW HITPOINT WARNING * * *
The killer bee barely misses you. Something stings you.
* * * LOW HITPOINT WARNING * * *
You hit the killer bee.
The killer bee is poisoned.
The killer bee is lightly wounded.
You miss something. You hit the killer bee. You burn the killer bee.
The killer bee stings you.
* * * LOW HITPOINT WARNING * * *
You are lethally poisoned!
The killer bee poisons you!
The killer bee stings you but does no damage.
The killer bee closely misses you. Something stings you.
* * * LOW HITPOINT WARNING * * *
The killer bee stings you.
You die...

#......#
##################..
#....#.# .##
#......########## .
#...............#
#.##.......#..#.#
#...............#
#.......##'###+###
#.......#...#.{y.#
#.......#...'.@y.#
#.......########'#
#........ ...
..####. #...# .....
######


You could see 2 killer bees.

Vanquished Creatures
  The ghost of YrmMerkstave the Basher, a novice FoFi (D:5)
  A hippogriff (D:9)
  The ghost of dscm the Cutter, an amateur OpMo (D:4)
  A porcupine (D:9)
  A phantom (D:8)
  3 ogres
  A necrophage (D:8)
  A centaur (D:8)
  A bullfrog (D:8)
  3 water moccasin zombies (Ossuary)
  2 killer bees (D:9)
  3 crimson imps
  A jelly (D:8)
  A hound (D:5)
  A bullfrog skeleton (D:5)
  4 orc wizards
  An iguana (D:9)
  A hell rat (D:9)
  A worker ant (D:8)
  A big kobold zombie (Ossuary)
  2 mummies (Ossuary)
  Robin (D:2)
  3 gnolls (D:3)
  2 river rats (D:9)
  11 adders
  2 oozes (D:2)
  3 adder zombies
  An adder skeleton (D:5)
  3 worms
  5 dart slugs
  2 leopard geckos (D:1)
  14 orcs
  2 bats
  6 giant cockroaches
  3 gnoll zombies (Ossuary)
  9 goblins
  10 hobgoblins
  2 jackals (D:2)
  12 kobolds
  3 quokkas
  2 ball pythons
  A ball python skeleton (D:4)
  6 frilled lizards
  3 hobgoblin zombies (Ossuary)
  A jackal skeleton (D:5)
  3 kobold zombies (Ossuary)
  3 orc zombies (Ossuary)
  14 rats
159 creatures vanquished.

Vanquished Creatures (collateral kills)
  A yak (D:9)
  A hungry ghost (D:9)
  A big kobold (D:9)
  2 water moccasin zombies (Ossuary)
  2 big kobold zombies (Ossuary)
  2 orcs (D:4)
  A gnoll zombie (Ossuary)
  A kobold zombie (Ossuary)
11 creatures vanquished.

Vanquished Creatures (others)
  A giant cockroach (D:3)
  A kobold zombie (Ossuary)
2 creatures vanquished.

Grand Total: 172 creatures vanquished

Notes
Turn   | Place    | Note
-------+----------+-------------------------------------------
     0 | D:1      | volk64 the Demonspawn Chaos Knight began the quest for the Orb.
     0 | D:1      | Reached XP level 1. HP: 18/18 MP: 1/1
    25 | D:1      | Reached skill level 3 in Axes
    30 | D:1      | XOM: butterfly on damage
    44 | D:1      | Gained mutation: When hurt, damage is shared between your health and your magic reserves. [demonic ancestry]
    44 | D:1      | Reached XP level 2. HP: 7/24 MP: 2/2
   512 | D:1      | Gained mutation: You are partially covered in yellow scales. (AC +2) [demonic ancestry]
   512 | D:1      | Reached XP level 3. HP: 29/29 MP: 3/3
   911 | D:2      | XOM: divination: magic mapping
   936 | D:2      | Reached skill level 1 in Dodging
   952 | D:2      | Gained mutation: You regenerate magic rapidly. [demonic ancestry]
   952 | D:2      | Reached XP level 4. HP: 31/37 MP: 4/4
  1183 | D:2      | Reached skill level 1 in Stealth
  1330 | D:2      | Reached skill level 4 in Axes
  1357 | D:2      | Noticed Robin
  1380 | D:2      | Killed Robin
  1380 | D:2      | Reached XP level 5. HP: 22/42 MP: 5/5
  1742 | D:3      | XOM: potion effect (magic)
  1822 | D:3      | XOM: divination: detect creatures
  2717 | D:3      | Noticed a moth of wrath
  2720 | D:3      | Found a bloodstained altar of Trog.
  2897 | D:3      | XOM: harmless Necr miscast
  3023 | D:4      | Found a blossoming altar of Fedhas.
  3045 | D:4      | XOM: silly message
  3361 | D:4      | XOM: cloud trail
  3421 | D:4      | Noticed dscm's ghost (amateur OpMo)
  3426 | D:4      | XOM: noise
  3434 | D:4      | XOM: cleaving
  3442 | D:4      | Killed dscm's ghost
  3442 | D:4      | Gained mutation: You have a pair of small antennae on your head. [demonic ancestry]
  3442 | D:4      | Reached XP level 6. HP: 37/48 MP: 6/6
  3546 | D:4      | XOM: god gift: scroll labeled DASOIK BUYDWENISH {god gift}
  3611 | D:4      | Reached skill level 5 in Axes
  3788 | D:5      | Entered Level 5 of the Dungeon
  3789 | D:5      | Found Zofoq's Distillery.
  3930 | D:5      | XOM: swap monsters
  4088 | D:5      | XOM: 5-stop teleportation journey
  4187 | D:5      | XOM: give mutations
  4187 | D:5      | Gained mutation: You tend to lose your temper in combat. [Xom's mischief]
  4187 | D:5      | Gained mutation: You are weak. (Str -2) [Xom's mischief]
  4187 | D:5      | Lost mutation: You tend to lose your temper in combat. [Xom's mischief]
  4200 | D:5      | Noticed YrmMerkstave's ghost (novice FoFi)
  4202 | D:5      | XOM: smoke on damage
  4214 | D:5      | XOM: cleaving
  4223 | D:5      | Killed YrmMerkstave's ghost
  4223 | D:5      | Reached skill level 6 in Axes
  4223 | D:5      | Gained mutation: You have a pair of antennae on your head. [demonic ancestry]
  4223 | D:5      | Reached XP level 7. HP: 8/55 MP: 3/7
  4593 | D:5      | You fall through a shaft for 3 floors!
  4691 | D:8      | Found Jeodar's Distillery.
  4699 | D:8      | XOM: confuse monster(s)
  4716 | D:8      | XOM: give mutation
  4716 | D:8      | Gained mutation: Your natural rate of healing is unusually fast. [Xom's grace]
  4850 | D:8      | Reached XP level 8. HP: 55/61 MP: 8/8
  4895 | D:8      | Reached skill level 7 in Axes
  5013 | D:8      | Reached skill level 5 in Fighting
  5034 | D:8      | Found a sand-covered staircase.
  5042 | Ossuary  | Entered an ossuary
  5142 | Ossuary  | XOM: summons 5 friendly demons
  5187 | Ossuary  | XOM: 1-stop teleportation journey
  5401 | D:8      | Reached skill level 8 in Axes
  5490 | D:8      | Identified a scroll of acquirement
  5669 | D:8      | XOM: give mutations
  5669 | D:8      | Gained mutation: Your spells are a little harder to cast, but a little more powerful. [Xom's grace]
  5669 | D:8      | Gained mutation: You are covered in fur. (AC +1) [Xom's grace]
  5669 | D:8      | Gained mutation: You possess an exceptional clarity of mind. [Xom's grace]
  5669 | D:8      | Gained mutation: You can translocate small distances at will. [Xom's grace]
  5847 | D:9      | Noticed a hippogriff
  5848 | D:9      | XOM: harmless Ice miscast
  5886 | D:9      | XOM: summons 8 friendly demons
  5893 | D:9      | Killed a hippogriff
  5893 | D:9      | Reached XP level 9. HP: 66/68 MP: 9/9
  5894 | D:9      | Reached skill level 5 in Armour
  5974 | D:9      | Found a staircase to the Lair.
  5974 | D:9      | Noticed a troll
  5984 | D:9      | XOM: harmless Erth miscast
  5986 | D:9      | XOM: potion effect (heal wounds)
  5991 | D:9      | XOM: summons friendly quasit
  6159 | D:9      | HP: 3/69 [killer bee (1)]
  6159 | D:9      | HP: 1/69 [something (2)]
  6159 | D:9      | Slain by a killer bee

Skill      XL: |  1  2  3  4  5  6  7  8  9 |
---------------+----------------------------+-----
Axes           | 3 4 6 8 |  8.5
Armour         | 2 3 4 5 |  5.5
Dodging        | 1 2 3 |  3.0
Stealth        | 1 2 |  2.9
Fighting       | 4 5 |  5.8

Action                   |  1- 3 |  4- 6 |  7- 9 || total
-------------------------+-------+-------+-------++-------
Melee: Hand axe          |   104 |   165 |   122 ||   391
       War axe           |       |   106 |   273 ||   379
 Abil: Blink             |       |       |     2 ||     2
  Use: Scroll            |       |     8 |     5 ||    13
       Potion            |       |     6 |     6 ||    12
 Stab: Petrified         |     6 |       |     1 ||     7
       Sleeping          |       |     3 |       ||     3
       Paralysed         |       |     1 |     2 ||     3
       Confused          |       |       |     4 ||     4
       Petrifying        |       |       |     2 ||     2
       Distracted        |       |       |     1 ||     1
  Eat: Chunk             |       |    11 |     5 ||    16
       Bread ration      |       |       |     2 ||     2
Armor: Leather armour    |    37 |   103 |       ||   140
       Chain mail        |       |    18 |   399 ||   417
       Scale mail        |       |     7 |       ||     7
Dodge: Dodged            |    68 |   163 |   152 ||   383
